 Dungeon Crawl Stone Soup version 0.28.0-1-gb440e238dd (webtiles) character file.

Game seed: 3957965019917223801

10 Zeldest the Skirmisher (level 2, 0/17 HPs)
             Began as a Vine Stalker Wanderer on Feb 24, 2022.
             Frozen to death by an endoplasm (1 damage)
             ... on level 2 of the Dungeon.
             The game lasted 00:01:25 (162 turns).

Zeldest the Skirmisher (Vine Stalker Wanderer)       Turns: 162, Time: 00:01:25

Health: 0/17       AC:  6    Str: 16    XL:     2   Next: 20%
Magic:  0/4        EV:  9    Int: 12    God:
Gold:   6          SH:  0    Dex: 11    Spells: 2/3 levels left

rFire   . . .      SeeInvis .   a - +0 dagger
rCold   . . .      Faith    .   (no shield)
rNeg    . . .      Spirit   +   b - +0 scale mail
rPois   .          Reflect  .   (no helmet)
rElec   .          Harm     .   (no cloak)
rCorr   .          Rampage  .   (no gloves)
Will    .....                   (no boots)
Stlth   ..........              (no amulet)
HPRegen 0.05/turn               (no ring)
MPRegen 0.09/turn               (no ring)

@: no status effects
A: fangs 2, magic shield, antimagic bite, no potion heal 2
a: no special abilities


You were on level 2 of the Dungeon.
You visited 1 branch of the dungeon, and saw 2 of its levels.

You collected 6 gold pieces.

Inventory:

Hand Weapons
 a - a +0 dagger (weapon)
Armour
 b - a +0 scale mail (worn)
Scrolls
 c - a scroll of fog
 e - a scroll of fear {unknown}


   Skills:
 + Level 3.7 Fighting
 - Level 2.4 Armour
 + Level 0.8 Unarmed Combat
 - Level 1.1 Spellcasting
 + Level 2.3 Ice Magic


You had 2 spell levels left.
You knew the following spells:

 Your Spells              Type           Power      Damage    Failure   Level
a - Freeze                Ice            24%        1d5       38%         1

Your spell library contained the following spells:

 Spells                   Type           Power      Damage    Failure   Level
 Frozen Ramparts          Ice            12%        1d3       77%         3
 Hailstorm                Conj/Ice       3%         3d3       100%        4


Dungeon Overview and Level Annotations

Branches:
Dungeon (2/15)

Altars:


Innate Abilities, Weirdness & Mutations

You have extremely sharp teeth.
When hurt, damage is shared between your health and your magic reserves.
Your bite disrupts and absorbs the magic of your enemies.
Potions cannot restore your health.


Message History

You enter the shallow water.
Moving in this stuff is going to be slow.
Found 8 stones.
You enter the shallow water.
Moving in this stuff is going to be slow.
A bat and an endoplasm come into view.
The endoplasm quivers.
The bat hits you but does no damage.
The endoplasm jiggles.
You enter the shallow water.
Moving in this stuff is going to be slow.
The bat hits you but does no damage. The bat hits you but does no damage.
You hit the bat. Your bite misses the bat.
The bat is heavily wounded.
The bat hits you.
* * * LOW HITPOINT WARNING * * *
The bat hits you but does no damage. The bat hits you but does no damage.
You closely miss the bat. Your bite misses the bat.
The bat is heavily wounded.
The bat hits you.
* * * LOW HITPOINT WARNING * * *
You barely miss the bat.
The bat is heavily wounded.
The bat hits you but does no damage.
You hit the bat.
You kill the bat!
You hit the endoplasm but do no damage. Your bite misses the endoplasm.
The endoplasm freezes you.
You are frozen.
You hit the endoplasm.
The endoplasm is lightly wounded.
The endoplasm hits you but does no damage.
You hit the endoplasm.
You bite the endoplasm, but do no damage.
The endoplasm is severely wounded.
The endoplasm freezes you.
You are frozen.
You die...

#...# ≈≈≈≈≈# .......
#..##≈#≈#≈≈##.......
#..≈≈≈≈≈≈≈≈≈#.......
#..#≈≈≈≈≈≈#≈≈.......
#..##≈#≈≈≈≈#≈.......
#...≈≈≈≈#≈≈#...#####
#...###≈≈##≈...#
##....##≈#.....#
#......@J.....#
#######.......#
#########


You could see an endoplasm.

Vanquished Creatures
  An endoplasm (D:1)
  A goblin (D:2)
  A hobgoblin (D:1)
  3 ball pythons
  2 bats
  A frilled lizard (D:1)
  A rat (D:1)
10 creatures vanquished.

Notes
Turn   | Place    | Note
-------+----------+-------------------------------------------
     0 | D:1      | Zeldest the Vine Stalker Wanderer began the quest for the
                  | Orb.
     0 | D:1      | Zeldest set off with the following items: a +0 club, a +0
                  | scale mail, a scroll of fog; and the following spell
                  | memorised: Freeze; and the following spells available to
                  | memorise: Frozen Ramparts, Hailstorm
     0 | D:1      | Reached XP level 1. HP: 12/12 MP: 3/3
    99 | D:1      | Reached XP level 2. HP: 3/17 MP: 4/4
   162 | D:2      | Frozen to death by an endoplasm

Illustrated notes

Levels and vault maps discovered:
D:1:      scummos_arrival_simple_crosswalls, layout_loops_ring
D:2:      layout_basic, ebering_ecumenical_altar_mist, minivault_4, uniq_jessica

Action                   || total
-------------------------++-------
Melee: Dagger            ||    29
       Bite              ||     4
  Use: Potion            ||     1
Armor: Scale mail        ||    15
Dodge: Dodged            ||    12
